[ PARTIDA AOE2 · #468983261 ]
UnrankedLituanos vs Khmer
[ ANÁLISIS DE REPETICIÓN · EXTRAÍDO DE LA PARTIDA GRABADA ]
Feudal
14:50
Castillos
19:12
Imperial
34:44
| APM promedio | 33.1 |
| APM pico | 77 |
| eAPM promedio | 17.1 |
| Aldeanos / militares | 162 / 158 |
Foco
⚔️ 20.7% · 🌾 79.3%
Leitis ×144 · Monk ×5 · Mangonel ×4 · Battering Ram ×2 · Scorpion ×2 · Trebuchet (Packed) ×1
Feudal
16:01
Castillos
20:42
Imperial
36:31
| APM promedio | 37.8 |
| APM pico | 78 |
| eAPM promedio | 19.1 |
| Aldeanos / militares | 132 / 130 |
Foco
⚔️ 32.5% · 🌾 67.5%
Scout Cavalry ×60 · Conquistador ×53 · Trebuchet (Packed) ×9 · Spearman ×4 · Missionary ×3 · Militia ×1
Feudal
13:27
Castillos
16:57
Imperial
32:31
| APM promedio | 32.6 |
| APM pico | 67 |
| eAPM promedio | 19.0 |
| Aldeanos / militares | 161 / 254 |
Foco
⚔️ 38.2% · 🌾 61.8%
Scout Cavalry ×137 · Camel Archer ×72 · Camel Scout ×36 · Bombard Cannon ×4 · Trebuchet (Packed) ×3 · Monk ×1
Feudal
14:54
Castillos
19:39
Imperial
37:17
| APM promedio | 25.1 |
| APM pico | 74 |
| eAPM promedio | 13.9 |
| Aldeanos / militares | 132 / 180 |
Foco
⚔️ 17.9% · 🌾 82.1%
Archer ×89 · Spearman ×75 · Longbowman ×15 · Mangonel ×1
Feudal
12:43
Castillos
17:25
Imperial
31:46
| APM promedio | 43.1 |
| APM pico | 79 |
| eAPM promedio | 25.8 |
| Aldeanos / militares | 159 / 283 |
Foco
⚔️ 41.1% · 🌾 58.9%
Skirmisher ×152 · Spearman ×82 · Militia ×16 · Bombard Cannon ×12 · Trebuchet (Packed) ×9 · Armored Elephant ×6
Feudal
13:52
Castillos
18:11
Imperial
37:41
| APM promedio | 27.8 |
| APM pico | 74 |
| eAPM promedio | 20.0 |
| Aldeanos / militares | 144 / 243 |
Foco
⚔️ 40.4% · 🌾 59.6%
Spearman ×140 · Rattan Archer ×88 · Skirmisher ×6 · Bombard Cannon ×5 · Trebuchet (Packed) ×3 · Fire Lancer ×1
Feudal
13:18
Castillos
16:49
Imperial
30:40
| APM promedio | 29.4 |
| APM pico | 97 |
| eAPM promedio | 16.8 |
| Aldeanos / militares | 146 / 266 |
Foco
⚔️ 29.1% · 🌾 70.9%
Knight ×234 · Battering Ram ×30 · Monk ×2
Feudal
13:46
Castillos
19:21
Imperial
34:10
| APM promedio | 31.1 |
| APM pico | 76 |
| eAPM promedio | 17.7 |
| Aldeanos / militares | 166 / 236 |
Foco
⚔️ 38.4% · 🌾 61.6%
Scout Cavalry ×100 · Spearman ×89 · Knight ×43 · Trebuchet (Packed) ×4
Mapa de la partida
Recursos al inicio + cada clic de construcción. Línea gruesa = muro · recuadro discontinuo = muro de casas detectado. 🟡 oro · ⚪ piedra · 🟢 bayas · 🔶 jabalí · ⭕ reliquia
Tu base· Abierta — flanco sin cerrar
Base de Chronophage· Abierta — flanco sin cerrar
Base de hiwu5743· Abierta — hueco de 5t
Base de 烽火戏诸侯· Abierta — flanco sin cerrar
Base de TabrisLi· Abierta — flanco sin cerrar
Base de Lukea9· Abierta — flanco sin cerrar
Base de TheBoogeyman· Abierta — flanco sin cerrar
Base de CrikFu· Abierta — flanco sin cerrar
Terreno con relieve · ⚠ = hueco de muro detectado · pasá el cursor para detalles
Inputs por minuto
— skoorb - - Chronophage
Build order — skoorb
Primeras 150 de 409 acciones detectadas
| 0:53 | Construir | Town Center |
| 2:20 | Construir | House |
| 3:05 | Crear | Villager (Male) |
| 3:06 | Crear | Villager (Male) |
| 3:06 | Crear | Villager (Male) |
| 3:06 | Crear | Villager (Male) |
| 3:06 | Crear | Villager (Male) |
| 3:07 | Crear | Villager (Male) |
| 3:07 | Crear | Villager (Male) |
| 4:10 | Crear | Villager (Male) |
| 4:10 | Crear | Villager (Male) |
| 4:46 | Crear | Villager (Male) |
| 5:10 | Crear | Villager (Male) |
| 5:22 | Construir | House |
| 5:29 | Investigar | Loom |
| 5:30 | Crear | Villager (Male) |
| 5:30 | Crear | Villager (Male) |
| 5:31 | Crear | Villager (Male) |
| 5:52 | Crear | Villager (Male) |
| 5:53 | Crear | Villager (Male) |
| 6:17 | Crear | Villager (Male) |
| 6:17 | Crear | Villager (Male) |
| 7:23 | Construir | House |
| 7:32 | Crear | Villager (Male) |
| 7:44 | Construir | House |
| 8:21 | Construir | House |
| 8:23 | Construir | House |
| 8:24 | Construir | Palisade Wall |
| 8:25 | Construir | Palisade Wall |
| 8:28 | Crear | Villager (Male) |
| 8:28 | Crear | Villager (Male) |
| 8:29 | Crear | Villager (Male) |
| 8:29 | Crear | Villager (Male) |
| 8:29 | Crear | Villager (Male) |
| 9:12 | Construir | Mill |
| 9:33 | Construir | Mining Camp |
| 9:42 | Construir | Mill |
| 10:05 | Crear | Villager (Male) |
| 10:44 | Crear | Villager (Male) |
| 11:08 | Construir | Farm |
| 11:15 | Crear | Villager (Male) |
| 11:36 | Crear | Villager (Male) |
| 12:00 | Crear | Villager (Male) |
| 12:26 | Investigar | Feudal Age |
| 13:21 | Construir | Farm |
| 13:22 | Construir | Farm |
| 13:24 | Construir | Farm |
| 13:42 | Construir | Lumber Camp |
| 13:51 | Construir | Palisade Gate |
| 13:53 | Construir | Palisade Wall |
| 13:59 | Construir | Farm |
| 14:42 | Crear | Villager (Male) |
| 14:43 | Crear | Villager (Male) |
| 14:50 | Edad | Edad Feudal |
| 15:00 | Construir | Market |
| 15:23 | Crear | Villager (Male) |
| 15:46 | Construir | Blacksmith |
| 15:58 | Crear | Villager (Male) |
| 16:11 | Construir | House |
| 16:28 | Construir | Farm |
| 16:32 | Investigar | Castle Age |
| 16:55 | Construir | Barracks |
| 17:04 | Construir | Palisade Wall |
| 17:10 | Construir | Building 796 |
| 17:12 | Construir | House |
| 17:33 | Investigar | Double-Bit Axe |
| 17:39 | Investigar | Horse Collar |
| 17:39 | Investigar | Horse Collar |
| 18:11 | Construir | Farm |
| 18:16 | Construir | Farm |
| 18:28 | Construir | Farm |
| 18:43 | Crear | Villager (Male) |
| 18:43 | Crear | Villager (Male) |
| 19:12 | Edad | Edad de los Castillos |
| 19:17 | Construir | Town Center |
| 19:30 | Construir | Town Center |
| 19:40 | Crear | Villager (Male) |
| 20:04 | Crear | Villager (Male) |
| 20:05 | Crear | Villager (Male) |
| 20:06 | Crear | Villager (Male) |
| 20:11 | Construir | Farm |
| 20:13 | Construir | Farm |
| 20:29 | Crear | Villager (Male) |
| 20:31 | Crear | Villager (Male) |
| 20:41 | Crear | Villager (Male) |
| 20:41 | Crear | Villager (Male) |
| 21:08 | Construir | Monastery |
| 21:18 | Construir | Outpost |
| 21:20 | Crear | Villager (Male) |
| 21:21 | Crear | Villager (Male) |
| 21:21 | Crear | Villager (Male) |
| 21:22 | Crear | Villager (Male) |
| 21:23 | Crear | Villager (Male) |
| 21:24 | Crear | Villager (Male) |
| 21:38 | Construir | Farm |
| 21:50 | Crear | Villager (Male) |
| 21:51 | Crear | Villager (Male) |
| 21:54 | Construir | Farm |
| 21:57 | Construir | Farm |
| 21:59 | Construir | Farm |
| 22:01 | Crear | Villager (Male) |
| 22:01 | Crear | Villager (Male) |
| 22:02 | Crear | Villager (Male) |
| 22:26 | Construir | Farm |
| 22:32 | Construir | House |
| 22:39 | Construir | House |
| 22:39 | Construir | House |
| 22:40 | Construir | House |
| 22:40 | Construir | House |
| 22:40 | Construir | House |
| 22:40 | Construir | House |
| 22:42 | Construir | House |
| 22:56 | Crear | Villager (Male) |
| 22:56 | Crear | Villager (Male) |
| 22:56 | Crear | Villager (Male) |
| 22:57 | Crear | Villager (Male) |
| 22:57 | Crear | Villager (Male) |
| 23:02 | Construir | Farm |
| 23:05 | Construir | Farm |
| 23:08 | Crear | Villager (Male) |
| 23:09 | Crear | Villager (Male) |
| 23:14 | Crear | Monk |
| 23:22 | Crear | Villager (Male) |
| 23:23 | Crear | Villager (Male) |
| 23:23 | Crear | Villager (Male) |
| 23:29 | Construir | Farm |
| 23:30 | Construir | Farm |
| 23:33 | Construir | Farm |
| 23:36 | Construir | Farm |
| 23:40 | Construir | Farm |
| 23:43 | Crear | Villager (Male) |
| 23:43 | Crear | Villager (Male) |
| 23:50 | Construir | Farm |
| 24:12 | Crear | Villager (Male) |
| 24:13 | Crear | Villager (Male) |
| 24:13 | Crear | Villager (Male) |
| 24:14 | Crear | Villager (Male) |
| 24:19 | Crear | Villager (Male) |
| 24:19 | Crear | Villager (Male) |
| 24:27 | Crear | Villager (Male) |
| 24:27 | Crear | Villager (Male) |
| 24:32 | Construir | Farm |
| 24:34 | Crear | Villager (Male) |
| 24:34 | Crear | Villager (Male) |
| 24:52 | Construir | Castle |
| 25:00 | Crear | Villager (Male) |
| 25:01 | Crear | Villager (Male) |
| 25:01 | Crear | Villager (Male) |
| 25:02 | Crear | Villager (Male) |
| 25:20 | Crear | Villager (Male) |
Build order — Chronophage
Primeras 150 de 427 acciones detectadas
| 0:21 | Construir | Town Center |
| 1:19 | Construir | House |
| 1:24 | Construir | Palisade Wall |
| 1:25 | Construir | Palisade Wall |
| 1:26 | Construir | Palisade Wall |
| 2:35 | Crear | Villager (Male) |
| 2:35 | Crear | Villager (Male) |
| 2:36 | Crear | Villager (Male) |
| 2:36 | Crear | Villager (Male) |
| 3:39 | Crear | Villager (Male) |
| 4:02 | Investigar | Loom |
| 4:12 | Crear | Villager (Male) |
| 4:18 | Construir | House |
| 4:36 | Construir | House |
| 4:42 | Crear | Villager (Male) |
| 4:49 | Crear | Villager (Male) |
| 5:12 | Construir | House |
| 5:23 | Crear | Villager (Male) |
| 5:42 | Crear | Villager (Male) |
| 6:31 | Crear | Villager (Male) |
| 6:32 | Crear | Villager (Male) |
| 6:59 | Construir | House |
| 7:23 | Crear | Villager (Male) |
| 7:30 | Crear | Villager (Male) |
| 8:05 | Crear | Villager (Male) |
| 8:05 | Crear | Villager (Male) |
| 8:06 | Crear | Villager (Male) |
| 8:17 | Crear | Villager (Male) |
| 8:24 | Construir | House |
| 9:04 | Crear | Villager (Male) |
| 9:05 | Crear | Villager (Male) |
| 9:10 | Crear | Villager (Male) |
| 9:10 | Crear | Villager (Male) |
| 9:36 | Crear | Villager (Male) |
| 9:50 | Construir | House |
| 9:51 | Crear | Villager (Male) |
| 9:51 | Crear | Villager (Male) |
| 9:51 | Crear | Villager (Male) |
| 10:12 | Construir | Mill |
| 10:22 | Crear | Villager (Male) |
| 10:22 | Crear | Villager (Male) |
| 10:41 | Construir | Mining Camp |
| 11:17 | Construir | House |
| 11:29 | Construir | House |
| 11:50 | Crear | Villager (Male) |
| 12:10 | Crear | Villager (Male) |
| 12:12 | Crear | Villager (Male) |
| 12:16 | Crear | Villager (Male) |
| 12:23 | Construir | Lumber Camp |
| 12:47 | Crear | Villager (Male) |
| 12:47 | Crear | Villager (Male) |
| 12:48 | Crear | Villager (Male) |
| 12:51 | Crear | Villager (Male) |
| 12:51 | Crear | Villager (Male) |
| 12:56 | Construir | Palisade Wall |
| 12:57 | Construir | Palisade Gate |
| 13:09 | Crear | Villager (Male) |
| 13:29 | Investigar | Feudal Age |
| 14:45 | Construir | House |
| 14:48 | Construir | Palisade Wall |
| 15:25 | Construir | Barracks |
| 15:32 | Construir | Mill |
| 16:01 | Edad | Edad Feudal |
| 16:02 | Crear | Spearman |
| 16:03 | Crear | Spearman |
| 16:03 | Crear | Villager (Male) |
| 16:16 | Construir | Blacksmith |
| 16:18 | Construir | Market |
| 16:22 | Crear | Spearman |
| 16:23 | Crear | Villager (Male) |
| 16:28 | Crear | Villager (Male) |
| 16:44 | Construir | Farm |
| 16:53 | Construir | Palisade Wall |
| 16:54 | Construir | Palisade Gate |
| 16:56 | Crear | Spearman |
| 16:56 | Crear | Militia |
| 17:17 | Construir | Farm |
| 17:18 | Construir | Farm |
| 17:41 | Construir | Farm |
| 18:02 | Investigar | Castle Age |
| 18:32 | Construir | Farm |
| 18:51 | Construir | Palisade Wall |
| 19:12 | Construir | Building 796 |
| 20:02 | Construir | Building 804 |
| 20:42 | Edad | Edad de los Castillos |
| 20:44 | Crear | Villager (Male) |
| 20:57 | Construir | Town Center |
| 21:00 | Crear | Villager (Male) |
| 21:18 | Crear | Villager (Male) |
| 21:35 | Construir | Castle |
| 21:43 | Crear | Villager (Male) |
| 21:47 | Crear | Villager (Male) |
| 21:52 | Crear | Villager (Male) |
| 22:18 | Crear | Villager (Male) |
| 22:22 | Crear | Villager (Male) |
| 22:22 | Crear | Villager (Male) |
| 22:23 | Crear | Villager (Male) |
| 22:24 | Crear | Villager (Male) |
| 22:32 | Crear | Conquistador |
| 22:33 | Crear | Conquistador |
| 22:45 | Crear | Conquistador |
| 22:59 | Construir | Palisade Wall |
| 23:17 | Crear | Villager (Male) |
| 23:42 | Crear | Conquistador |
| 23:45 | Crear | Villager (Male) |
| 23:45 | Crear | Villager (Male) |
| 23:45 | Crear | Villager (Male) |
| 23:49 | Construir | Farm |
| 23:50 | Construir | Farm |
| 24:12 | Crear | Conquistador |
| 24:13 | Crear | Villager (Male) |
| 24:15 | Construir | Farm |
| 24:29 | Crear | Conquistador |
| 24:30 | Crear | Villager (Male) |
| 25:03 | Crear | Conquistador |
| 25:03 | Crear | Villager (Male) |
| 25:04 | Crear | Villager (Male) |
| 25:59 | Crear | Conquistador |
| 25:59 | Crear | Villager (Male) |
| 25:59 | Crear | Villager (Male) |
| 26:01 | Construir | House |
| 26:04 | Construir | House |
| 26:09 | Crear | Villager (Male) |
| 26:10 | Crear | Villager (Male) |
| 26:13 | Construir | Farm |
| 26:14 | Construir | Farm |
| 26:14 | Construir | House |
| 26:15 | Crear | Conquistador |
| 26:20 | Crear | Villager (Male) |
| 26:20 | Crear | Villager (Male) |
| 26:23 | Construir | Farm |
| 26:23 | Construir | Farm |
| 26:24 | Construir | Farm |
| 26:26 | Construir | House |
| 26:30 | Construir | House |
| 26:30 | Construir | Palisade Wall |
| 26:46 | Crear | Conquistador |
| 26:59 | Construir | Palisade Wall |
| 27:04 | Construir | House |
| 27:08 | Construir | Building 796 |
| 27:10 | Crear | Villager (Male) |
| 27:15 | Construir | House |
| 27:16 | Construir | Farm |
| 27:22 | Crear | Villager (Male) |
| 27:22 | Crear | Villager (Male) |
| 27:29 | Construir | Town Center |
| 27:46 | Crear | Villager (Male) |
| 27:47 | Crear | Villager (Male) |
| 27:49 | Construir | Farm |
| 27:51 | Construir | Farm |
Build order — hiwu5743
Primeras 150 de 530 acciones detectadas
| 0:26 | Construir | Town Center |
| 1:46 | Construir | House |
| 2:00 | Construir | House |
| 2:01 | Construir | House |
| 2:02 | Construir | House |
| 2:19 | Crear | Villager (Male) |
| 2:19 | Crear | Villager (Male) |
| 2:19 | Crear | Villager (Male) |
| 2:21 | Crear | Villager (Male) |
| 4:01 | Construir | Palisade Wall |
| 4:10 | Crear | Villager (Male) |
| 4:27 | Crear | Villager (Male) |
| 4:41 | Construir | House |
| 4:50 | Crear | Villager (Male) |
| 5:24 | Crear | Villager (Male) |
| 5:34 | Construir | House |
| 5:52 | Crear | Villager (Male) |
| 5:52 | Crear | Villager (Male) |
| 6:22 | Construir | House |
| 6:30 | Crear | Villager (Male) |
| 6:58 | Crear | Villager (Male) |
| 6:58 | Crear | Villager (Male) |
| 6:59 | Crear | Villager (Male) |
| 6:59 | Crear | Villager (Male) |
| 7:31 | Crear | Villager (Male) |
| 7:43 | Construir | House |
| 7:44 | Construir | House |
| 7:59 | Construir | Lumber Camp |
| 8:02 | Crear | Villager (Male) |
| 8:02 | Crear | Villager (Male) |
| 8:03 | Crear | Villager (Male) |
| 8:10 | Crear | Villager (Male) |
| 8:41 | Construir | House |
| 8:59 | Construir | Palisade Gate |
| 9:05 | Construir | House |
| 9:17 | Crear | Villager (Male) |
| 9:17 | Crear | Villager (Male) |
| 9:37 | Construir | Palisade Wall |
| 10:06 | Construir | Mining Camp |
| 10:13 | Construir | Mill |
| 10:58 | Investigar | Feudal Age |
| 11:05 | Construir | House |
| 12:08 | Crear | Villager (Male) |
| 12:08 | Crear | Villager (Male) |
| 12:27 | Construir | Barracks |
| 13:15 | Construir | House |
| 13:27 | Edad | Edad Feudal |
| 13:32 | Construir | Stable |
| 13:36 | Construir | Blacksmith |
| 13:52 | Construir | House |
| 14:14 | Investigar | Double-Bit Axe |
| 14:17 | Investigar | Castle Age |
| 14:38 | Construir | Palisade Wall |
| 14:39 | Construir | Building 796 |
| 14:56 | Crear | Scout Cavalry |
| 15:53 | Investigar | Loom |
| 16:57 | Edad | Edad de los Castillos |
| 16:59 | Construir | Town Center |
| 17:06 | Construir | Town Center |
| 17:25 | Investigar | Bow Saw |
| 17:35 | Crear | Villager (Male) |
| 17:36 | Investigar | Wheelbarrow |
| 17:49 | Construir | Monastery |
| 17:53 | Investigar | Horse Collar |
| 18:19 | Crear | Villager (Male) |
| 18:27 | Crear | Villager (Male) |
| 18:37 | Crear | Monk |
| 18:44 | Crear | Villager (Male) |
| 18:48 | Construir | Farm |
| 18:49 | Construir | Farm |
| 18:50 | Construir | Farm |
| 18:56 | Construir | House |
| 18:57 | Construir | House |
| 19:00 | Crear | Villager (Male) |
| 19:00 | Crear | Villager (Male) |
| 19:09 | Construir | Farm |
| 19:25 | Construir | Farm |
| 19:27 | Crear | Villager (Male) |
| 19:27 | Crear | Villager (Male) |
| 19:27 | Crear | Villager (Male) |
| 19:27 | Crear | Villager (Male) |
| 19:43 | Crear | Villager (Male) |
| 20:06 | Crear | Villager (Male) |
| 20:06 | Crear | Villager (Male) |
| 20:06 | Crear | Villager (Male) |
| 20:06 | Crear | Villager (Male) |
| 20:10 | Construir | Town Center |
| 20:27 | Construir | House |
| 20:29 | Construir | House |
| 20:35 | Construir | Outpost |
| 20:37 | Crear | Villager (Male) |
| 20:37 | Crear | Villager (Male) |
| 20:40 | Construir | Farm |
| 20:47 | Construir | Farm |
| 20:52 | Construir | Building 487 |
| 20:57 | Construir | Stone Wall |
| 21:03 | Construir | Stone Wall |
| 21:06 | Crear | Villager (Male) |
| 21:06 | Crear | Villager (Male) |
| 21:06 | Crear | Villager (Male) |
| 21:07 | Crear | Villager (Male) |
| 21:22 | Crear | Villager (Male) |
| 21:22 | Crear | Villager (Male) |
| 21:26 | Construir | Farm |
| 21:31 | Construir | House |
| 21:36 | Crear | Villager (Male) |
| 21:36 | Crear | Villager (Male) |
| 21:39 | Construir | Farm |
| 21:40 | Construir | Farm |
| 21:41 | Construir | Farm |
| 21:45 | Construir | Farm |
| 21:48 | Crear | Villager (Male) |
| 21:49 | Crear | Villager (Male) |
| 21:49 | Crear | Villager (Male) |
| 21:58 | Construir | Farm |
| 21:59 | Construir | Farm |
| 22:08 | Crear | Villager (Male) |
| 22:08 | Crear | Villager (Male) |
| 22:10 | Construir | Farm |
| 22:21 | Construir | House |
| 22:22 | Construir | House |
| 22:25 | Crear | Villager (Male) |
| 22:40 | Crear | Villager (Male) |
| 22:40 | Crear | Villager (Male) |
| 22:43 | Construir | Farm |
| 22:50 | Construir | Building 490 |
| 22:54 | Construir | Stone Wall |
| 22:58 | Construir | Stone Wall |
| 23:03 | Crear | Villager (Male) |
| 23:03 | Crear | Villager (Male) |
| 23:04 | Crear | Villager (Male) |
| 23:04 | Crear | Villager (Male) |
| 23:04 | Crear | Villager (Male) |
| 23:09 | Construir | Town Center |
| 23:15 | Crear | Villager (Male) |
| 23:15 | Crear | Villager (Male) |
| 23:26 | Construir | House |
| 23:28 | Construir | House |
| 23:29 | Construir | Palisade Wall |
| 23:33 | Crear | Villager (Male) |
| 23:33 | Crear | Villager (Male) |
| 23:35 | Construir | Farm |
| 23:36 | Construir | Farm |
| 23:40 | Construir | House |
| 23:41 | Construir | House |
| 23:41 | Construir | House |
| 23:44 | Crear | Villager (Male) |
| 23:44 | Crear | Villager (Male) |
| 23:45 | Crear | Villager (Male) |
| 23:49 | Construir | Farm |
Build order — 烽火戏诸侯
Primeras 150 de 317 acciones detectadas
| 0:29 | Construir | Town Center |
| 2:36 | Construir | House |
| 2:51 | Investigar | Loom |
| 2:52 | Crear | Villager (Male) |
| 2:52 | Crear | Villager (Male) |
| 2:52 | Crear | Villager (Male) |
| 2:53 | Crear | Villager (Male) |
| 4:39 | Crear | Villager (Male) |
| 4:40 | Crear | Villager (Male) |
| 4:51 | Construir | House |
| 5:05 | Crear | Villager (Male) |
| 5:05 | Crear | Villager (Male) |
| 5:47 | Crear | Villager (Male) |
| 6:25 | Crear | Villager (Male) |
| 6:25 | Crear | Villager (Male) |
| 6:30 | Crear | Villager (Male) |
| 6:30 | Crear | Villager (Male) |
| 7:02 | Crear | Villager (Male) |
| 7:26 | Crear | Villager (Male) |
| 7:26 | Crear | Villager (Male) |
| 7:37 | Construir | House |
| 7:49 | Crear | Villager (Male) |
| 7:49 | Crear | Villager (Male) |
| 8:02 | Crear | Villager (Male) |
| 8:03 | Crear | Villager (Male) |
| 8:03 | Crear | Villager (Male) |
| 8:03 | Crear | Villager (Male) |
| 8:39 | Construir | House |
| 9:00 | Crear | Villager (Male) |
| 9:00 | Crear | Villager (Male) |
| 9:00 | Crear | Villager (Male) |
| 10:08 | Crear | Villager (Male) |
| 10:09 | Crear | Villager (Male) |
| 11:00 | Crear | Villager (Male) |
| 11:06 | Construir | Mill |
| 11:49 | Construir | Mining Camp |
| 11:51 | Crear | Villager (Male) |
| 12:17 | Construir | Farm |
| 12:18 | Construir | Farm |
| 12:19 | Construir | Farm |
| 12:27 | Investigar | Feudal Age |
| 12:54 | Construir | Farm |
| 13:18 | Construir | House |
| 13:54 | Construir | House |
| 14:20 | Crear | Villager (Male) |
| 14:20 | Crear | Villager (Male) |
| 14:21 | Crear | Villager (Male) |
| 14:21 | Crear | Villager (Male) |
| 14:21 | Crear | Villager (Male) |
| 14:54 | Edad | Edad Feudal |
| 15:07 | Construir | Market |
| 15:12 | Construir | Blacksmith |
| 16:14 | Construir | Barracks |
| 16:42 | Investigar | Castle Age |
| 17:30 | Construir | Archery Range |
| 17:36 | Construir | Building 487 |
| 18:22 | Construir | Farm |
| 18:37 | Crear | Archer |
| 18:37 | Crear | Archer |
| 18:38 | Crear | Archer |
| 18:38 | Crear | Archer |
| 18:38 | Crear | Archer |
| 18:43 | Crear | Archer |
| 18:56 | Construir | House |
| 19:23 | Investigar | Fletching |
| 19:39 | Edad | Edad de los Castillos |
| 19:58 | Construir | Town Center |
| 20:02 | Crear | Villager (Male) |
| 20:03 | Crear | Villager (Male) |
| 20:03 | Crear | Villager (Male) |
| 20:35 | Construir | Town Center |
| 20:42 | Crear | Villager (Male) |
| 20:53 | Investigar | Crossbowman (upgrade) |
| 21:19 | Crear | Villager (Male) |
| 21:19 | Crear | Villager (Male) |
| 21:20 | Crear | Villager (Male) |
| 21:27 | Investigar | Bodkin Arrow |
| 21:36 | Crear | Villager (Male) |
| 21:43 | Crear | Villager (Male) |
| 21:51 | Construir | Mining Camp |
| 21:55 | Crear | Villager (Male) |
| 22:41 | Crear | Villager (Male) |
| 22:42 | Crear | Villager (Male) |
| 22:45 | Crear | Villager (Male) |
| 22:48 | Crear | Villager (Male) |
| 22:53 | Construir | Mill |
| 23:11 | Construir | Farm |
| 23:12 | Construir | Farm |
| 23:19 | Crear | Villager (Male) |
| 23:22 | Crear | Archer ×5 |
| 23:27 | Construir | House |
| 23:28 | Construir | House |
| 23:29 | Construir | House |
| 23:30 | Construir | House |
| 23:31 | Construir | House |
| 23:32 | Construir | House |
| 25:31 | Investigar | Padded Archer Armor |
| 26:07 | Crear | Villager (Male) |
| 26:07 | Crear | Villager (Male) |
| 26:09 | Construir | Farm |
| 26:11 | Crear | Villager (Male) |
| 26:11 | Crear | Villager (Male) |
| 26:19 | Construir | University |
| 26:35 | Crear | Archer ×5 |
| 26:36 | Crear | Villager (Male) |
| 26:37 | Crear | Villager (Male) |
| 26:39 | Construir | Farm |
| 26:44 | Crear | Villager (Male) |
| 27:01 | Construir | Farm |
| 27:11 | Construir | Farm |
| 27:13 | Crear | Villager (Male) |
| 27:14 | Crear | Villager (Male) |
| 27:31 | Construir | Farm |
| 27:33 | Investigar | Ballistics |
| 27:36 | Construir | Farm |
| 27:39 | Crear | Villager (Male) |
| 27:44 | Construir | Farm |
| 27:57 | Crear | Villager (Male) |
| 28:27 | Crear | Villager (Male) |
| 28:28 | Crear | Villager (Male) |
| 28:31 | Crear | Villager (Male) |
| 28:32 | Crear | Villager (Male) |
| 28:50 | Construir | Castle |
| 30:17 | Construir | Town Center |
| 30:30 | Crear | Villager (Male) |
| 30:30 | Crear | Villager (Male) |
| 31:13 | Crear | Villager (Male) |
| 31:13 | Crear | Villager (Male) |
| 31:15 | Crear | Villager (Male) |
| 31:16 | Crear | Villager (Male) |
| 31:17 | Crear | Villager (Male) |
| 31:19 | Crear | Villager (Male) |
| 31:19 | Crear | Villager (Male) |
| 31:21 | Construir | Farm |
| 31:22 | Construir | Farm |
| 31:23 | Construir | Farm |
| 31:27 | Construir | Farm |
| 31:32 | Crear | Villager (Male) |
| 31:33 | Crear | Villager (Male) |
| 31:47 | Construir | Siege Workshop |
| 31:53 | Crear | Villager (Male) |
| 31:55 | Crear | Villager (Male) |
| 31:55 | Crear | Villager (Male) |
| 31:58 | Construir | Farm |
| 31:59 | Construir | Farm |
| 32:00 | Construir | Farm |
| 32:05 | Crear | Villager (Male) |
| 32:06 | Crear | Villager (Male) |
| 32:10 | Crear | Villager (Male) |
| 32:10 | Crear | Villager (Male) |
Build order — TabrisLi
Primeras 150 de 659 acciones detectadas
| 0:04 | Construir | House |
| 0:20 | Construir | Town Center |
| 1:18 | Construir | Lumber Camp |
| 1:25 | Construir | Palisade Wall |
| 1:32 | Construir | House |
| 2:20 | Crear | Villager (Male) |
| 2:28 | Investigar | Loom |
| 2:28 | Crear | Villager (Male) |
| 2:29 | Crear | Villager (Male) |
| 2:29 | Crear | Villager (Male) |
| 2:29 | Crear | Villager (Male) |
| 3:26 | Construir | Palisade Wall |
| 4:22 | Crear | Villager (Male) |
| 4:23 | Crear | Villager (Male) |
| 5:20 | Crear | Villager (Male) |
| 5:20 | Crear | Villager (Male) |
| 5:20 | Crear | Villager (Male) |
| 5:45 | Crear | Villager (Male) |
| 6:21 | Construir | House |
| 6:39 | Crear | Villager (Male) |
| 6:39 | Crear | Villager (Male) |
| 6:42 | Construir | House |
| 7:13 | Crear | Villager (Male) |
| 7:13 | Crear | Villager (Male) |
| 7:37 | Crear | Villager (Male) |
| 7:55 | Crear | Villager (Male) |
| 8:10 | Crear | Villager (Male) |
| 8:18 | Construir | Mill |
| 8:28 | Crear | Villager (Male) |
| 8:29 | Crear | Villager (Male) |
| 8:42 | Crear | Villager (Male) |
| 9:48 | Crear | Villager (Male) |
| 10:27 | Investigar | Feudal Age |
| 10:38 | Construir | Mining Camp |
| 10:58 | Construir | Mining Camp |
| 11:47 | Crear | Villager (Male) |
| 12:43 | Edad | Edad Feudal |
| 12:49 | Construir | Market |
| 13:09 | Crear | Villager (Male) |
| 13:09 | Crear | Villager (Male) |
| 13:21 | Construir | Blacksmith |
| 13:31 | Crear | Villager (Male) |
| 13:46 | Construir | House |
| 14:45 | Investigar | Castle Age |
| 14:45 | Investigar | Castle Age |
| 15:14 | Investigar | Double-Bit Axe |
| 15:25 | Construir | Building 796 |
| 15:27 | Construir | Palisade Wall |
| 15:35 | Investigar | Horse Collar |
| 15:39 | Crear | Villager (Male) |
| 15:39 | Crear | Villager (Male) |
| 17:25 | Edad | Edad de los Castillos |
| 17:28 | Construir | Town Center |
| 17:49 | Construir | Town Center |
| 17:52 | Crear | Villager (Male) |
| 18:17 | Crear | Villager (Male) |
| 18:23 | Investigar | Bow Saw |
| 18:38 | Investigar | Heavy Plow |
| 18:48 | Crear | Villager (Male) |
| 18:58 | Crear | Villager (Male) |
| 19:09 | Construir | Town Center |
| 19:24 | Construir | Farm |
| 19:26 | Crear | Villager (Male) |
| 19:27 | Crear | Villager (Male) |
| 19:32 | Construir | Farm |
| 19:33 | Construir | Farm |
| 19:34 | Crear | Villager (Male) |
| 19:36 | Construir | Farm |
| 19:47 | Crear | Villager (Male) |
| 19:47 | Crear | Villager (Male) |
| 19:55 | Construir | Farm |
| 19:56 | Construir | Farm |
| 20:15 | Construir | Farm |
| 20:16 | Construir | Farm |
| 20:20 | Construir | Farm |
| 20:35 | Construir | Farm |
| 20:36 | Construir | Farm |
| 20:41 | Construir | Farm |
| 20:42 | Crear | Villager (Male) |
| 20:43 | Crear | Villager (Male) |
| 20:47 | Construir | Farm |
| 20:54 | Construir | Farm |
| 20:58 | Construir | House |
| 21:06 | Crear | Villager (Male) |
| 21:06 | Crear | Villager (Male) |
| 21:15 | Crear | Villager (Male) |
| 21:21 | Construir | Farm |
| 21:22 | Construir | Farm |
| 21:31 | Construir | Farm |
| 21:33 | Construir | House |
| 21:34 | Construir | House |
| 21:39 | Crear | Villager (Male) |
| 21:42 | Crear | Villager (Male) |
| 21:42 | Crear | Villager (Male) |
| 21:48 | Crear | Villager (Male) |
| 21:51 | Construir | Farm |
| 21:55 | Crear | Villager (Male) |
| 21:55 | Crear | Villager (Male) |
| 22:03 | Construir | Farm |
| 22:07 | Construir | Farm |
| 22:11 | Crear | Villager (Male) |
| 22:12 | Crear | Villager (Male) |
| 22:17 | Crear | Villager (Male) |
| 22:26 | Crear | Villager (Male) |
| 22:29 | Construir | Farm |
| 22:30 | Construir | Farm |
| 22:33 | Construir | House |
| 22:38 | Crear | Villager (Male) |
| 22:45 | Crear | Villager (Male) |
| 22:56 | Construir | House |
| 22:58 | Construir | Palisade Wall |
| 23:01 | Crear | Villager (Male) |
| 23:02 | Crear | Villager (Male) |
| 23:08 | Construir | Farm |
| 23:09 | Construir | Farm |
| 23:10 | Crear | Villager (Male) |
| 23:14 | Construir | Palisade Gate |
| 23:17 | Crear | Villager (Male) |
| 23:17 | Crear | Villager (Male) |
| 23:18 | Crear | Villager (Male) |
| 23:23 | Construir | Farm |
| 23:28 | Construir | Farm |
| 23:29 | Crear | Villager (Male) |
| 23:29 | Crear | Villager (Male) |
| 23:34 | Crear | Villager (Male) |
| 23:40 | Construir | Farm |
| 23:41 | Crear | Villager (Male) |
| 23:48 | Construir | House |
| 23:49 | Crear | Villager (Male) |
| 23:49 | Crear | Villager (Male) |
| 23:54 | Crear | Villager (Male) |
| 23:54 | Crear | Villager (Male) |
| 23:59 | Construir | Farm |
| 24:04 | Crear | Villager (Male) |
| 24:11 | Crear | Villager (Male) |
| 24:11 | Crear | Villager (Male) |
| 24:14 | Construir | Farm |
| 24:15 | Crear | Villager (Male) |
| 24:17 | Construir | House |
| 24:18 | Construir | Palisade Wall |
| 24:26 | Construir | Farm |
| 24:26 | Construir | Farm |
| 24:33 | Construir | House |
| 24:35 | Investigar | Wheelbarrow |
| 24:42 | Crear | Villager (Male) |
| 24:47 | Crear | Villager (Male) |
| 24:52 | Construir | Farm |
| 24:53 | Construir | Farm |
| 24:54 | Crear | Villager (Male) |
| 24:54 | Crear | Villager (Male) |
Build order — Lukea9
Primeras 150 de 589 acciones detectadas
| 0:08 | Construir | Town Center |
| 1:11 | Construir | House |
| 2:45 | Crear | Villager (Male) |
| 2:45 | Crear | Villager (Male) |
| 2:46 | Crear | Villager (Male) |
| 2:46 | Crear | Villager (Male) |
| 3:40 | Construir | House |
| 3:42 | Investigar | Loom |
| 4:09 | Crear | Villager (Male) |
| 4:10 | Crear | Villager (Male) |
| 4:49 | Crear | Villager (Male) |
| 5:13 | Crear | Villager (Male) |
| 5:32 | Construir | House |
| 5:38 | Crear | Villager (Male) |
| 6:07 | Crear | Villager (Male) |
| 6:19 | Construir | Lumber Camp |
| 6:21 | Crear | Villager (Male) |
| 6:38 | Crear | Villager (Male) |
| 7:15 | Crear | Villager (Male) |
| 7:25 | Construir | House |
| 7:32 | Construir | House |
| 7:34 | Crear | Villager (Male) |
| 8:06 | Crear | Villager (Male) |
| 8:30 | Crear | Villager (Male) |
| 8:54 | Construir | Mill |
| 9:00 | Crear | Villager (Male) |
| 9:14 | Crear | Villager (Male) |
| 9:44 | Crear | Villager (Male) |
| 10:05 | Crear | Villager (Male) |
| 10:50 | Crear | Villager (Male) |
| 10:50 | Crear | Villager (Male) |
| 11:18 | Construir | Mining Camp |
| 11:32 | Construir | Mill |
| 11:35 | Crear | Villager (Male) |
| 11:42 | Investigar | Feudal Age |
| 13:05 | Construir | House |
| 13:25 | Crear | Villager (Male) |
| 13:26 | Crear | Villager (Male) |
| 13:52 | Edad | Edad Feudal |
| 13:55 | Construir | Blacksmith |
| 13:59 | Construir | Market |
| 14:10 | Investigar | Town Watch |
| 14:26 | Construir | Mining Camp |
| 14:50 | Construir | House |
| 14:55 | Construir | House |
| 14:57 | Construir | House |
| 14:58 | Construir | House |
| 15:31 | Investigar | Castle Age |
| 15:32 | Investigar | Castle Age |
| 16:51 | Construir | Barracks |
| 17:12 | Investigar | Double-Bit Axe |
| 18:11 | Edad | Edad de los Castillos |
| 18:17 | Construir | Town Center |
| 18:33 | Construir | Town Center |
| 18:37 | Crear | Villager (Male) |
| 18:53 | Crear | Fire Lancer |
| 19:10 | Crear | Villager (Male) |
| 19:31 | Crear | Villager (Male) |
| 19:39 | Construir | Farm |
| 19:48 | Crear | Villager (Male) |
| 19:53 | Crear | Villager (Male) |
| 20:04 | Construir | Farm |
| 20:29 | Crear | Villager (Male) |
| 20:29 | Crear | Villager (Male) |
| 20:35 | Construir | Farm |
| 20:52 | Construir | Farm |
| 21:00 | Crear | Villager (Male) |
| 21:00 | Crear | Villager (Male) |
| 21:09 | Construir | Farm |
| 21:17 | Construir | Farm |
| 21:29 | Crear | Villager (Male) |
| 21:56 | Construir | Castle |
| 22:03 | Crear | Villager (Male) |
| 22:04 | Crear | Villager (Male) |
| 22:07 | Construir | Farm |
| 22:08 | Construir | Farm |
| 22:11 | Construir | Farm |
| 22:15 | Construir | Farm |
| 22:28 | Crear | Villager (Male) |
| 22:31 | Construir | Farm |
| 22:42 | Construir | Farm |
| 22:50 | Crear | Villager (Male) |
| 22:50 | Crear | Villager (Male) |
| 22:56 | Crear | Villager (Male) |
| 23:06 | Construir | Farm |
| 23:10 | Crear | Villager (Male) |
| 23:13 | Construir | Farm |
| 23:25 | Crear | Villager (Male) |
| 23:36 | Construir | Stone Wall |
| 23:41 | Crear | Villager (Male) |
| 23:51 | Crear | Villager (Male) |
| 23:53 | Crear | Rattan Archer |
| 23:56 | Construir | Farm |
| 23:57 | Construir | Farm |
| 24:08 | Construir | Outpost |
| 24:11 | Crear | Villager (Male) |
| 24:12 | Crear | Villager (Male) |
| 24:15 | Construir | Farm |
| 24:18 | Construir | Farm |
| 24:23 | Crear | Villager (Male) |
| 24:29 | Crear | Villager (Male) |
| 24:36 | Investigar | Horse Collar |
| 24:44 | Construir | Building 665 |
| 24:48 | Crear | Villager (Male) |
| 24:55 | Construir | Outpost |
| 24:56 | Crear | Villager (Male) |
| 25:10 | Construir | Outpost |
| 25:12 | Crear | Villager (Male) |
| 25:13 | Crear | Villager (Male) |
| 25:13 | Crear | Villager (Male) |
| 25:15 | Crear | Rattan Archer |
| 25:16 | Crear | Rattan Archer |
| 25:19 | Construir | Farm |
| 25:22 | Construir | Farm |
| 25:23 | Construir | Farm |
| 25:25 | Construir | Farm |
| 25:31 | Investigar | Heavy Plow |
| 25:36 | Construir | Farm |
| 25:39 | Construir | Farm |
| 26:03 | Construir | Outpost |
| 26:04 | Crear | Villager (Male) |
| 26:09 | Construir | Stone Wall |
| 26:24 | Construir | Outpost |
| 26:25 | Crear | Villager (Male) |
| 26:28 | Crear | Rattan Archer |
| 26:28 | Crear | Rattan Archer |
| 26:37 | Construir | Stone Wall |
| 26:40 | Crear | Villager (Male) |
| 26:47 | Crear | Rattan Archer |
| 26:47 | Crear | Rattan Archer |
| 26:52 | Construir | University |
| 26:54 | Crear | Villager (Male) |
| 26:54 | Crear | Villager (Male) |
| 26:59 | Investigar | Wheelbarrow |
| 27:02 | Investigar | Bow Saw |
| 27:18 | Construir | Stone Wall |
| 27:20 | Crear | Villager (Male) |
| 27:28 | Crear | Rattan Archer |
| 27:29 | Crear | Rattan Archer |
| 27:37 | Construir | Stone Wall |
| 27:40 | Crear | Villager (Male) |
| 27:40 | Crear | Villager (Male) |
| 27:42 | Construir | Farm |
| 27:43 | Investigar | Gold Mining |
| 28:00 | Construir | Farm |
| 28:01 | Construir | Farm |
| 28:02 | Construir | Farm |
| 28:03 | Crear | Villager (Male) |
| 28:04 | Crear | Rattan Archer |
| 28:05 | Crear | Rattan Archer |
Build order — TheBoogeyman
Primeras 150 de 372 acciones detectadas
| 0:36 | Construir | Town Center |
| 0:47 | Construir | Mill |
| 2:37 | Crear | Villager (Male) |
| 2:37 | Crear | Villager (Male) |
| 2:38 | Crear | Villager (Male) |
| 2:41 | Crear | Villager (Male) |
| 2:42 | Crear | Villager (Male) |
| 4:16 | Crear | Villager (Male) |
| 4:17 | Crear | Villager (Male) |
| 4:30 | Crear | Villager (Male) |
| 4:31 | Crear | Villager (Male) |
| 4:59 | Crear | Villager (Male) |
| 5:00 | Crear | Villager (Male) |
| 5:24 | Crear | Villager (Male) |
| 5:25 | Crear | Villager (Male) |
| 5:40 | Crear | Villager (Male) |
| 5:40 | Crear | Villager (Male) |
| 6:18 | Crear | Villager (Male) |
| 6:18 | Crear | Villager (Male) |
| 6:25 | Crear | Villager (Male) |
| 6:51 | Crear | Villager (Male) |
| 7:04 | Crear | Villager (Male) |
| 7:26 | Crear | Villager (Male) |
| 7:27 | Crear | Villager (Male) |
| 7:39 | Crear | Villager (Male) |
| 8:03 | Crear | Villager (Male) |
| 8:37 | Crear | Villager (Male) |
| 8:52 | Crear | Villager (Male) |
| 9:59 | Crear | Villager (Male) |
| 10:22 | Construir | Mining Camp |
| 10:26 | Crear | Villager (Male) |
| 10:27 | Investigar | Loom |
| 11:08 | Investigar | Feudal Age |
| 11:08 | Investigar | Feudal Age |
| 13:10 | Crear | Villager (Male) |
| 13:10 | Crear | Villager (Male) |
| 13:18 | Edad | Edad Feudal |
| 13:19 | Construir | Market |
| 13:20 | Construir | Blacksmith |
| 14:09 | Investigar | Castle Age |
| 14:09 | Investigar | Castle Age |
| 14:13 | Construir | Lumber Camp |
| 15:03 | Investigar | Double-Bit Axe |
| 15:22 | Investigar | Horse Collar |
| 16:33 | Crear | Villager (Male) |
| 16:49 | Edad | Edad de los Castillos |
| 16:55 | Construir | Town Center |
| 17:06 | Construir | Town Center |
| 17:11 | Crear | Villager (Male) |
| 17:19 | Investigar | Bow Saw |
| 17:34 | Crear | Villager (Male) |
| 17:46 | Construir | Monastery |
| 17:52 | Crear | Villager (Male) |
| 18:13 | Investigar | Heavy Plow |
| 18:13 | Investigar | Heavy Plow |
| 18:31 | Crear | Villager (Male) |
| 18:37 | Crear | Monk |
| 18:41 | Construir | Farm |
| 18:43 | Construir | Farm |
| 18:45 | Construir | Farm |
| 18:49 | Crear | Villager (Male) |
| 18:53 | Construir | Farm |
| 18:56 | Construir | Farm |
| 18:58 | Crear | Villager (Male) |
| 19:04 | Construir | Farm |
| 19:10 | Crear | Villager (Male) |
| 19:15 | Construir | Farm |
| 19:17 | Crear | Villager (Male) |
| 19:19 | Construir | Farm |
| 19:39 | Crear | Villager (Male) |
| 19:41 | Construir | Farm |
| 19:43 | Construir | Farm |
| 19:45 | Construir | Farm |
| 19:51 | Construir | Farm |
| 19:53 | Crear | Villager (Male) |
| 20:05 | Construir | Farm |
| 20:19 | Crear | Villager (Male) |
| 20:30 | Crear | Villager (Male) |
| 20:32 | Crear | Villager (Male) |
| 20:34 | Construir | Farm |
| 20:43 | Construir | Farm |
| 20:46 | Crear | Villager (Male) |
| 20:50 | Crear | Villager (Male) |
| 20:55 | Construir | Farm |
| 20:59 | Construir | Farm |
| 21:02 | Construir | Farm |
| 21:05 | Crear | Villager (Male) |
| 21:12 | Construir | Farm |
| 21:16 | Construir | Farm |
| 21:18 | Construir | Farm |
| 21:20 | Crear | Villager (Male) |
| 21:25 | Crear | Villager (Male) |
| 21:25 | Crear | Villager (Male) |
| 21:27 | Construir | Farm |
| 21:29 | Construir | Farm |
| 21:35 | Crear | Villager (Male) |
| 21:42 | Construir | Farm |
| 21:43 | Crear | Villager (Male) |
| 21:47 | Crear | Villager (Male) |
| 21:55 | Construir | Farm |
| 21:56 | Crear | Villager (Male) |
| 22:02 | Crear | Villager (Male) |
| 22:04 | Crear | Villager (Male) |
| 22:07 | Investigar | Wheelbarrow |
| 22:14 | Construir | Farm |
| 22:24 | Construir | Farm |
| 22:27 | Crear | Villager (Male) |
| 22:27 | Crear | Villager (Male) |
| 22:32 | Investigar | Gold Mining |
| 22:59 | Crear | Villager (Male) |
| 22:59 | Crear | Villager (Male) |
| 23:05 | Construir | Farm |
| 23:09 | Construir | Farm |
| 23:10 | Construir | Farm |
| 23:14 | Crear | Villager (Male) |
| 23:15 | Crear | Villager (Male) |
| 23:20 | Construir | Farm |
| 23:33 | Crear | Villager (Male) |
| 23:33 | Crear | Villager (Male) |
| 23:33 | Crear | Villager (Male) |
| 23:54 | Construir | Barracks |
| 23:56 | Crear | Villager (Male) |
| 23:56 | Crear | Villager (Male) |
| 23:57 | Crear | Villager (Male) |
| 24:20 | Investigar | Hand Cart |
| 24:40 | Crear | Villager (Male) |
| 24:40 | Crear | Villager (Male) |
| 24:40 | Crear | Villager (Male) |
| 25:00 | Construir | Stable |
| 25:01 | Construir | Stable |
| 25:04 | Crear | Villager (Male) |
| 25:06 | Crear | Villager (Male) |
| 25:14 | Crear | Monk |
| 25:22 | Crear | Villager (Male) |
| 25:23 | Crear | Villager (Male) |
| 25:23 | Crear | Villager (Male) |
| 25:56 | Construir | Mining Camp |
| 26:01 | Crear | Villager (Male) |
| 26:01 | Crear | Villager (Male) |
| 26:01 | Crear | Villager (Male) |
| 26:25 | Construir | Stable |
| 26:34 | Construir | Siege Workshop |
| 26:36 | Crear | Villager (Male) |
| 26:36 | Crear | Villager (Male) |
| 26:37 | Crear | Villager (Male) |
| 26:45 | Construir | Stable |
| 26:46 | Construir | Stable |
| 26:52 | Crear | Villager (Male) |
| 26:53 | Crear | Villager (Male) |
| 26:55 | Crear | Villager (Male) |
Build order — CrikFu
Primeras 150 de 576 acciones detectadas
| 0:14 | Construir | Town Center |
| 0:27 | Construir | House |
| 2:48 | Crear | Villager (Male) |
| 2:48 | Crear | Villager (Male) |
| 2:49 | Crear | Villager (Male) |
| 2:49 | Crear | Villager (Male) |
| 2:49 | Crear | Villager (Male) |
| 2:49 | Crear | Villager (Male) |
| 3:26 | Construir | House |
| 3:41 | Investigar | Loom |
| 3:46 | Construir | House |
| 4:08 | Crear | Villager (Male) |
| 4:09 | Crear | Villager (Male) |
| 4:57 | Crear | Villager (Male) |
| 4:57 | Crear | Villager (Male) |
| 5:18 | Construir | Mill |
| 5:46 | Crear | Villager (Male) |
| 5:46 | Crear | Villager (Male) |
| 5:47 | Crear | Villager (Male) |
| 5:48 | Crear | Villager (Male) |
| 6:22 | Crear | Villager (Male) |
| 6:22 | Crear | Villager (Male) |
| 6:57 | Crear | Villager (Male) |
| 6:58 | Crear | Villager (Male) |
| 6:58 | Crear | Villager (Male) |
| 7:18 | Crear | Villager (Male) |
| 7:18 | Crear | Villager (Male) |
| 7:19 | Crear | Villager (Male) |
| 7:19 | Crear | Villager (Male) |
| 7:39 | Crear | Villager (Male) |
| 7:39 | Crear | Villager (Male) |
| 8:21 | Construir | House |
| 8:22 | Crear | Villager (Male) |
| 8:22 | Crear | Villager (Male) |
| 8:31 | Crear | Villager (Male) |
| 8:31 | Crear | Villager (Male) |
| 8:43 | Crear | Villager (Male) |
| 8:43 | Crear | Villager (Male) |
| 8:44 | Crear | Villager (Male) |
| 8:44 | Crear | Villager (Male) |
| 8:59 | Construir | Palisade Wall |
| 9:05 | Construir | Building 796 |
| 9:15 | Crear | Villager (Male) |
| 9:15 | Crear | Villager (Male) |
| 9:15 | Crear | Villager (Male) |
| 9:16 | Crear | Villager (Male) |
| 9:23 | Crear | Villager (Male) |
| 9:23 | Crear | Villager (Male) |
| 9:23 | Crear | Villager (Male) |
| 9:31 | Construir | House |
| 10:33 | Construir | House |
| 10:43 | Construir | Farm |
| 10:47 | Construir | Farm |
| 10:52 | Construir | Mining Camp |
| 11:24 | Construir | Mill |
| 11:36 | Investigar | Feudal Age |
| 11:59 | Construir | House |
| 12:02 | Construir | House |
| 12:44 | Construir | Farm |
| 12:47 | Construir | Farm |
| 12:49 | Crear | Villager (Male) |
| 13:15 | Crear | Villager (Male) |
| 13:46 | Edad | Edad Feudal |
| 13:48 | Crear | Villager (Male) |
| 14:02 | Crear | Villager (Male) |
| 14:07 | Construir | Stable |
| 14:09 | Crear | Villager (Male) |
| 14:25 | Construir | Stone Wall |
| 14:27 | Crear | Villager (Male) |
| 14:36 | Construir | Stone Wall |
| 14:37 | Crear | Villager (Male) |
| 14:37 | Crear | Villager (Male) |
| 15:00 | Construir | Building 487 |
| 15:05 | Crear | Villager (Male) |
| 15:45 | Crear | Villager (Male) |
| 15:55 | Construir | Mill |
| 16:15 | Construir | Stone Wall |
| 16:22 | Construir | Mining Camp |
| 16:29 | Investigar | Castle Age |
| 16:35 | Construir | Stone Wall |
| 16:39 | Construir | Building 490 |
| 16:50 | Construir | Farm |
| 16:52 | Construir | Farm |
| 16:54 | Construir | Farm |
| 17:32 | Construir | Lumber Camp |
| 18:36 | Crear | Scout Cavalry |
| 18:37 | Crear | Scout Cavalry |
| 18:41 | Investigar | Bloodlines |
| 18:46 | Crear | Villager (Male) |
| 18:59 | Investigar | Double-Bit Axe |
| 19:01 | Investigar | Horse Collar |
| 19:21 | Edad | Edad de los Castillos |
| 19:22 | Crear | Villager (Male) |
| 19:39 | Construir | House |
| 19:42 | Crear | Villager (Male) |
| 19:51 | Crear | Scout Cavalry |
| 20:15 | Construir | Farm |
| 20:24 | Construir | House |
| 20:25 | Construir | House |
| 20:27 | Crear | Villager (Male) |
| 20:45 | Construir | Town Center |
| 20:45 | Crear | Villager (Male) |
| 20:47 | Crear | Scout Cavalry |
| 21:05 | Crear | Villager (Male) |
| 21:32 | Crear | Scout Cavalry |
| 21:33 | Crear | Villager (Male) |
| 21:47 | Crear | Villager (Male) |
| 21:50 | Crear | Villager (Male) |
| 21:50 | Crear | Villager (Male) |
| 21:50 | Crear | Villager (Male) |
| 21:55 | Construir | Farm |
| 21:56 | Construir | Farm |
| 21:57 | Construir | Farm |
| 21:58 | Construir | Farm |
| 22:06 | Construir | Farm |
| 22:12 | Crear | Villager (Male) |
| 22:12 | Crear | Villager (Male) |
| 22:29 | Construir | Blacksmith |
| 22:39 | Crear | Villager (Male) |
| 22:40 | Crear | Villager (Male) |
| 22:40 | Crear | Villager (Male) |
| 23:05 | Crear | Villager (Male) |
| 23:06 | Crear | Villager (Male) |
| 23:06 | Crear | Villager (Male) |
| 23:25 | Crear | Villager (Male) |
| 23:26 | Crear | Villager (Male) |
| 23:26 | Crear | Villager (Male) |
| 23:31 | Construir | House |
| 23:35 | Construir | Farm |
| 23:37 | Construir | Farm |
| 23:43 | Construir | Town Center |
| 23:49 | Crear | Villager (Male) |
| 23:49 | Crear | Villager (Male) |
| 23:49 | Crear | Villager (Male) |
| 24:06 | Construir | Farm |
| 24:29 | Crear | Villager (Male) |
| 24:30 | Crear | Villager (Male) |
| 24:30 | Crear | Villager (Male) |
| 24:36 | Construir | Stable |
| 25:14 | Crear | Villager (Male) |
| 25:14 | Crear | Villager (Male) |
| 25:14 | Crear | Villager (Male) |
| 25:15 | Crear | Villager (Male) |
| 25:20 | Construir | Farm |
| 25:20 | Construir | Farm |
| 25:21 | Construir | Farm |
| 25:23 | Investigar | Scale Barding Armor |
| 25:29 | Construir | Farm |
| 25:30 | Construir | Farm |
| 25:31 | Construir | Farm |
Cronología de la partida
| 1:24 | Chronophage · wall_segment Palisade Wall x1 |
| 1:25 | Chronophage · wall_segment Palisade Wall x1 |
| 1:25 | TabrisLi · wall_segment Palisade Wall x1 |
| 1:26 | Chronophage · wall_segment Palisade Wall x1 |
| 3:26 | TabrisLi · wall_segment Palisade Wall x3 |
| 4:01 | hiwu5743 · wall_segment Palisade Wall x5 |
| 8:24 | skoorb · wall_segment Palisade Wall x1 |
| 8:25 | skoorb · wall_segment Palisade Wall x1 |
| 8:59 | CrikFu · wall_segment Palisade Wall x4 |
| 9:37 | hiwu5743 · wall_segment Palisade Wall x3 |
| 12:27 | hiwu5743 · first_building Barracks |
| 12:43 | TabrisLi · age_up feudal |
| 12:56 | Chronophage · wall_segment Palisade Wall x15 |
| 13:18 | TheBoogeyman · age_up feudal |
| 13:27 | hiwu5743 · age_up feudal |
| 13:32 | hiwu5743 · first_building Stable |
| 13:46 | CrikFu · age_up feudal |
| 13:52 | Lukea9 · age_up feudal |
| 13:53 | skoorb · wall_segment Palisade Wall x1 |
| 14:07 | CrikFu · first_building Stable |
| 14:25 | CrikFu · wall_segment Stone Wall x6 |
| 14:36 | CrikFu · wall_segment Stone Wall x7 |
| 14:38 | hiwu5743 · wall_segment Palisade Wall x8 |
| 14:48 | Chronophage · wall_segment Palisade Wall x1 |
| 14:50 | skoorb · age_up feudal |
| 14:54 | 烽火戏诸侯 · age_up feudal |
| 15:06 | Lukea9 · first_market_buy 100 food |
| 15:07 | Lukea9 · first_market_sell 100 stone |
| 15:25 | Chronophage · first_building Barracks |
| 15:27 | TabrisLi · wall_segment Palisade Wall x5 |
| 16:01 | Chronophage · age_up feudal |
| 16:14 | 烽火戏诸侯 · first_building Barracks |
| 16:15 | CrikFu · wall_segment Stone Wall x4 |
| 16:35 | CrikFu · wall_segment Stone Wall x5 |
| 16:49 | TheBoogeyman · age_up castle |
| 16:51 | Lukea9 · first_building Barracks |
| 16:53 | Chronophage · wall_segment Palisade Wall x16 |
| 16:55 | skoorb · first_building Barracks |
| 16:57 | hiwu5743 · age_up castle |
| 17:04 | skoorb · wall_segment Palisade Wall x1 |
| 17:12 | Chronophage · first_market_buy 100 food |
| 17:25 | TabrisLi · age_up castle |
| 17:30 | 烽火戏诸侯 · first_building Archery Range |
| 17:40 | TabrisLi · first_market_buy 100 stone |
| 17:46 | TheBoogeyman · first_building Monastery |
| 17:49 | hiwu5743 · first_building Monastery |
| 18:11 | Lukea9 · age_up castle |
| 18:51 | Chronophage · wall_segment Palisade Wall x17 |
| 19:12 | skoorb · age_up castle |
| 19:21 | CrikFu · age_up castle |
| 19:39 | 烽火戏诸侯 · age_up castle |
| 20:29 | 烽火戏诸侯 · first_market_sell 100 wood |
| 20:31 | 烽火戏诸侯 · first_market_buy 100 stone |
| 20:42 | Chronophage · age_up castle |
| 20:57 | hiwu5743 · wall_segment Stone Wall x2 |
| 21:03 | hiwu5743 · wall_segment Stone Wall x4 |
| 21:08 | skoorb · first_building Monastery |
| 21:35 | Chronophage · first_building Castle |
| 21:56 | Lukea9 · first_building Castle |
| 22:54 | hiwu5743 · wall_segment Stone Wall x3 |
| 22:58 | hiwu5743 · wall_segment Stone Wall x3 |
| 22:58 | TabrisLi · wall_segment Palisade Wall x7 |
| 22:59 | Chronophage · wall_segment Palisade Wall x6 |
| 23:29 | hiwu5743 · wall_segment Palisade Wall x1 |
| 23:36 | Lukea9 · wall_segment Stone Wall x12 |
| 23:54 | TheBoogeyman · first_building Barracks |
| 24:18 | TabrisLi · wall_segment Palisade Wall x4 |
| 24:52 | skoorb · first_building Castle |
| 25:00 | TheBoogeyman · first_building Stable |
| 25:31 | TabrisLi · wall_segment Palisade Wall x4 |
| 26:09 | Lukea9 · wall_segment Stone Wall x4 |
| 26:30 | Chronophage · wall_segment Palisade Wall x4 |
| 26:34 | TheBoogeyman · first_building Siege Workshop |
| 26:37 | Lukea9 · wall_segment Stone Wall x7 |
| 26:59 | Chronophage · wall_segment Palisade Wall x7 |
| 27:18 | Lukea9 · wall_segment Stone Wall x12 |
| 27:36 | TabrisLi · first_building Barracks |
| 27:37 | Lukea9 · wall_segment Stone Wall x15 |
| 27:39 | hiwu5743 · wall_segment Stone Wall x12 |
| 27:53 | hiwu5743 · first_building Castle |
| 28:15 | TabrisLi · first_building Monastery |
| 28:20 | Lukea9 · wall_segment Stone Wall x10 |
| 28:37 | Lukea9 · wall_segment Stone Wall x6 |
| 28:43 | Lukea9 · wall_segment Stone Wall x5 |
| 28:50 | 烽火戏诸侯 · first_building Castle |
| 29:15 | Chronophage · first_building Monastery |
| 29:47 | Chronophage · wall_segment Palisade Wall x4 |
| 29:53 | Chronophage · wall_segment Palisade Wall x1 |
| 30:07 | CrikFu · first_building Castle |
| 30:34 | TabrisLi · first_building Siege Workshop |
| 30:40 | TheBoogeyman · age_up imperial |
| 30:45 | Lukea9 · wall_segment Stone Wall x4 |
| 31:24 | Lukea9 · first_building Archery Range |
| 31:33 | CrikFu · first_market_sell 100 wood |
| 31:35 | CrikFu · first_market_buy 100 food |
| 31:46 | TabrisLi · age_up imperial |
| 31:47 | 烽火戏诸侯 · first_building Siege Workshop |
| 31:48 | TabrisLi · first_building Castle |
| 32:18 | Lukea9 · wall_segment Stone Wall x6 |
| 32:22 | TabrisLi · first_market_sell 100 food |
| 32:31 | hiwu5743 · age_up imperial |
| 32:57 | Chronophage · first_market_sell 100 stone |
| 33:56 | TabrisLi · first_building Archery Range |
| 34:10 | CrikFu · age_up imperial |
| 34:13 | skoorb · first_building Siege Workshop |
| 34:37 | Chronophage · first_building Stable |
| 34:43 | skoorb · first_market_buy 100 stone |
| 34:44 | skoorb · age_up imperial |
| 34:57 | hiwu5743 · wall_segment Stone Wall x10 |
| 35:43 | hiwu5743 · first_building Siege Workshop |
| 36:20 | hiwu5743 · wall_segment Stone Wall x5 |
| 36:31 | Chronophage · age_up imperial |
| 36:52 | hiwu5743 · wall_segment Stone Wall x1 |
| 37:17 | 烽火戏诸侯 · age_up imperial |
| 37:33 | skoorb · first_market_sell 100 wood |
| 37:41 | Lukea9 · age_up imperial |
| 37:45 | skoorb · first_building Stable |
| 38:41 | CrikFu · first_building Barracks |
| 38:46 | 烽火戏诸侯 · wall_segment Stone Wall x17 |
| 39:16 | Chronophage · wall_segment Stone Wall x8 |
| 39:25 | Lukea9 · wall_segment Stone Wall x1 |
| 39:35 | Lukea9 · first_building Siege Workshop |
| 39:52 | Chronophage · wall_segment Stone Wall x6 |
| 40:23 | TheBoogeyman · first_building Castle |
| 40:42 | Chronophage · wall_segment Stone Wall x9 |
| 40:52 | Chronophage · wall_segment Stone Wall x2 |
| 41:52 | Chronophage · wall_segment Stone Wall x15 |
| 43:18 | Lukea9 · wall_segment Stone Wall x1 |
| 43:45 | hiwu5743 · resign |
| 45:42 | Chronophage · first_building Siege Workshop |
| 47:00 | TheBoogeyman · first_market_sell 500 food |
| 47:01 | TheBoogeyman · first_market_buy 500 wood |
[ ANÁLISIS IA · 1 CRÉDITO ]
¿Qué pasó realmente en esta partida?
Wolo.gg analiza cada decisión: build order, eco, micro, errores típicos por bracket. Análisis personalizado por WhatsApp o Discord en 30 segundos.
Guía civ
Lituanos
Guía mapa
Land Nomad
Perfil
skoorb